 Dungeon Crawl Stone Soup version 0.28-a0-224-g76b539d98b (webtiles) character file.

Game seed: 10609136937960047153

42031 tilp the Covert (level 13, -7/61 HPs)
             Began as a Felid Hedge Wizard on Aug 20, 2021.
             Was a High Priest of Vehumet.
             Mangled by a white draconian (12 damage)
             ... in an ice cave on Aug 21, 2021.
             The game lasted 01:25:46 (40126 turns).

tilp the Covert (Felid Hedge Wizard)               Turns: 40126, Time: 01:25:47

Health: -7/61      AC:  3    Str:  6    XL:     13   Next: 83%
Magic:  7/26       EV: 25    Int: 25    God:    Vehumet [*****.]
Gold:   2639       SH:  0    Dex: 17    Spells: 3/28 levels left
                                        Lives:  0   Deaths: 2

rFire   . . .      SeeInvis +     - Unarmed
rCold   + . .      Faith    .   (shield unavailable)
rNeg    . . .      Spirit   .   (armour unavailable)
rPois   +          Reflect  .   (helmet unavailable)
rElec   .          Harm     .   (cloak unavailable)
rCorr   .          Rampage  .   (gloves unavailable)
Will    +....                   (boots unavailable)
Stlth   ++++++....              w - amulet of regeneration
HPRegen 1.20/turn               k - ring of poison resistance
MPRegen 0.20/turn               (no ring)

@: quick
A: very small, claws 1, fangs 3, see invisible, speed 1, shaggy fur 3, stealthy
paws, no weapons or thrown items, no armour, multi-lived, clever 2
a: Renounce Religion


You were in an ice cave.
You worshipped Vehumet.
Vehumet was extremely pleased with you.
You visited 4 branches of the dungeon, and saw 24 of its levels.
You also visited: Sewer and Ice Cave.

You collected 3493 gold pieces.
You spent 854 gold pieces at shops.

Inventory:

Jewellery
 e - an amulet of magic regeneration
 k - a ring of poison resistance (left paw)
 u - the ring "Cithrarriz" {rElec rC- MP+9 Int+7}
   (You acquired it on level 7 of the Dungeon)

   [ring of magical power]

   Int:       It affects your intelligence (+7).
   rC:        It makes you vulnerable to cold.
   rElec:     It insulates you from electricity.
   MP:        It affects your magic capacity (+9).
 w - an amulet of regeneration (around neck)
 x - a ring of flight
 y - a ring of protection from fire
 B - a ring of resist corrosion
Wands
 b - a wand of polymorph (5)
 g - a wand of iceblast (12)
 v - a wand of mindburst (12)
 C - a wand of flame (30)
 F - a wand of acid (6)
 I - a wand of paralysis (8)
Scrolls
 c - 14 scrolls of teleportation
 d - 5 scrolls of blinking
 l - 3 scrolls of fog
 n - 2 scrolls of fear
 q - 2 scrolls of immolation
 t - 6 scrolls of identify
 A - 3 scrolls of amnesia
 H - a scroll of torment
 J - a scroll of silence
Potions
 a - 5 potions of heal wounds
 f - 14 potions of curing
 h - 3 potions of haste
 i - 2 potions of invisibility
 j - 2 potions of berserk rage
 m - 3 potions of cancellation
 o - 5 potions of attraction
 p - 2 potions of lignification
 r - 2 potions of mutation
 D - 2 potions of resistance
 E - a potion of might
 G - 3 potions of brilliance
Miscellaneous
 z - a piece from Xom's chessboard (15/15)


   Skills:
 + Level 9.7 Fighting
 - Level 12.0 Dodging
 + Level 14.0 Stealth
 + Level 9.8 Unarmed Combat
 - Level 8.0 Spellcasting
 - Level 12.0 Conjurations
 - Level 2.0 Summonings
 - Level 4.0 Translocations
 - Level 4.0 Transmutations
 - Level 4.0 Fire Magic
 - Level 2.0 Air Magic
 - Level 6.0 Earth Magic
 - Level 6.0 Poison Magic
 - Level 10.0 Evocations


You had 3 spell levels left.
You knew the following spells:

 Your Spells              Type           Power      Damage    Failure   Level
a - Magic Dart            Conj           100%       1d8       1%          1
b - Mephitic Cloud        Conj/Pois/Air  43%        N/A       1%          3
c - Blink                 Tloc           N/A        N/A       1%          2
d - Foxfire               Conj/Fire      100%       2x1d9     1%          1
e - Conjure Flame         Conj/Fire      50%        6-21      1%          3
f - Stone Arrow           Conj/Erth      100%       3d13      1%          3
g - Ignite Poison         Fire/Tmut/Pois 33%        N/A       1%          3
h - Olgreb's Toxic Radia  Pois           40%        N/A       1%          4
i - Fireball              Conj/Fire      25%        3d11      1%          5

Your spell library contained the following spells:

 Spells                   Type           Power      Damage    Failure   Level
 Starburst                Conj/Fire      25%        6d8       10%         6
 Sting                    Tmut/Pois      100%       1d8       1%          1
 Poisonous Vapours        Pois/Air       60%        N/A       1%          2
 Static Discharge         Conj/Air       45%        N/A       1%          2
 Wereblood                Tmut           30%        N/A       1%          2
 Dazzling Flash           Conj/Hex       80%        N/A       1%          3
 Summon Small Mammal      Summ           80%        N/A       2%          1
 Inner Flame              Hex/Fire       20%        N/A       2%          3
 Gell's Gravitas          Tloc           15%        N/A       3%          3
 Lesser Beckoning         Tloc           15%        N/A       3%          3
 Teleport Other           Tloc           30%        N/A       3%          3
 Call Imp                 Summ           20%        N/A       4%          2
 Frozen Ramparts          Ice            20%        1d4       5%          3
 Call Canine Familiar     Summ           20%        N/A       8%          3
 Slow                     Hex            10%        N/A       9%          2
 Sublimation of Blood     Necr           5%         N/A       9%          2
 Summon Guardian Golem    Hex/Summ       15%        N/A       12%         3
 Tukima's Dance           Hex            10%        N/A       19%         3
 Sticky Flame             Conj/Fire      50%        2d7       1%          4
 Petrify                  Tmut/Erth      35%        N/A       8%          4
 Conjure Ball Lightning   Conj/Air       22%        3x3d6     13%         6
 Ice Form                 Ice/Tmut       20%        N/A       26%         4
 Summon Ice Beast         Ice/Summ       15%        N/A       36%         4
 Dispel Undead            Necr           10%        3d9       52%         4
 Summon Mana Viper        Hex/Summ       15%        N/A       73%         5
 Statue Form              Tmut/Erth      23%        N/A       75%         6
 Metabolic Englaciation   Hex/Ice        5%         N/A       86%         5
 Lehudib's Crystal Spear  Conj/Erth      26%        10d7      90%         8
 Monstrous Menagerie      Summ           10%        N/A       100%        7
 Summon Hydra             Summ           10%        N/A       100%        7
 Discord                  Hex            5%         N/A       100%        8
 Disjunction              Tloc           15%        N/A       100%        8
 Maxwell's Capacitive Co  Air            10%        ∞         100%        8
 Animate Armour           Summ/Erth      Unusable   N/A       N/A         4

Dungeon Overview and Level Annotations

Branches:
Dungeon (15/15)            Temple (1/1) D:7            Lair (6/6) D:11
 Shoals (0/4) Lair:4        Snake (0/4) Lair:4        Slime (0/5) Lair:5
    Orc (2/2) D:12            Elf (0/3) Orc:2        Vaults (0/5) D:13
 Depths (0/5) D:15          Sewer (visited)           IceCv (1/1)

Altars:
Ashenzari
Cheibriados
Dithmenos
Elyvilon
Fedhas
Gozag
Hepliaklqana
Kikubaaqudgha
Makhleb
Nemelex Xobeh
Okawaru
Qazlal
Ru
Sif Muna
Trog
Uskayaw
Vehumet
Wu Jian
Xom
Yredelemnul
Zin
The Shining One
Jiyva

Shops:
D:2 [!*[[   D:4 =   D:6 *   D:12 ?   Orc:1 [   Orc:2 (=??

Annotations:
D:6 1 runed translucent door, Crazy Yiuf
D:9 Harold, Maggie
D:12 2 transporters, 3 runed translucent doors, p0werm0de's ghost, journeyman DjCK
Lair:1 3 runed translucent doors, 2 transporters, Nov Bun's ghost, journeyman MiFi
Lair:2 3 runed translucent doors, Jatofuta's ghost, journeyman MfGl; Siem's ghost, journeyman OpCj


Innate Abilities, Weirdness & Mutations

You have sharp claws.
You have razor-sharp teeth.
You have supernaturally acute eyesight. (SInv)
You cover ground quickly. (Speed+)
Your thick and shaggy fur keeps you warm. (AC +3, rC+)
Your paws help you pounce on unaware monsters.
You are incapable of wielding weapons or throwing items.
You cannot wear armour.
You gain extra lives every three experience levels.
Your mind is very acute. (Int +4)


Message History

Casting: Stone Arrow (safe; 1% risk of failure)
Confirm with . or Enter, or press ? or * to list all spells.
Aiming: Stone Arrow (safe; 1% risk of failure)
Press: ? - help, Shift-Dir - straight line, f/p - white draconian
Aim: a white draconian, wielding a +1 halberd of freezing and wearing a +2 cloak (lightly wounded, catching its breath, 78% to hit)
The stone arrow hits the white draconian!
The white draconian is moderately wounded.
Unknown command.
Casting: Stone Arrow (safe; 1% risk of failure)
Confirm with . or Enter, or press ? or * to list all spells.
Aiming: Stone Arrow (safe; 1% risk of failure)
Press: ? - help, Shift-Dir - straight line, f/p - white draconian
Aim: a white draconian, wielding a +1 halberd of freezing and wearing a +2 cloak (moderately wounded, 78% to hit)
The stone arrow hits the white draconian!
The white draconian is heavily wounded.
The white draconian breathes frost at you.
The blast of cold hits you! You resist.
Casting: Stone Arrow (safe; 1% risk of failure)
Confirm with . or Enter, or press ? or * to list all spells.
Aiming: Stone Arrow (safe; 1% risk of failure)
Press: ? - help, Shift-Dir - straight line, f/p - white draconian
Aim: a white draconian, wielding a +1 halberd of freezing and wearing a +2 cloak (heavily wounded, catching its breath, 78% to hit)
The stone arrow hits the white draconian.
The white draconian is heavily wounded.
The white draconian hits you from afar with a +1 halberd of freezing!!
* * * LOW HITPOINT WARNING * * *
The white draconian freezes you.
* * * LOW HITPOINT WARNING * * *
Unknown command.
Casting: Stone Arrow (safe; 1% risk of failure)
Confirm with . or Enter, or press ? or * to list all spells.
Aiming: Fireball (dangerous; 1% risk of failure)
Press: ? - help, Shift-Dir - straight line, f/p - white draconian
Aim: a white draconian, wielding a +1 halberd of freezing and wearing a +2 cloak (heavily wounded, catching its breath)
The fireball explodes!
The fireball engulfs the white draconian.
The white draconian is heavily wounded.
You hear an angry hiss.
The white draconian hits you from afar with a +1 halberd of freezing!
You die...

##..#..#.##..##
##...#..####...#
###..###.#####.#.##
##....##..#..##.#..#
###.h.#.###....##.##.##
#.#.#.#.####...###.#..#
....####.###.⌠.##.#...##
.#.## #..##|[(#...##..#
#### ##.##....@.####.# #
#..##...#.###..## ###
##..##.d##.#....## ##.#
##......###...###.#
#..####...#..##
#..##..##
##...##..#.#.##
##.###..##
#..#.#...#..#####.##
##..#
#.##....#.#####...# ##.#
..###...#≈# ##...## #.##


You could see a white draconian (catching breath).

Vanquished Creatures
  Louise (D:14)
  4 vault guards (D:13)
  An ironbound frostheart (IceCv)
  2 boulder beetles
  A catoblepas (D:13)
  9 hydras
  A death knight (D:13)
  6 two-headed ogres
  4 death yaks
  2 tengu warriors
  4 orc high priests
  Urug (Lair:6)
  Nergalle (Lair:4)
  3 wizards (D:11)
  An orange crystal statue (IceCv)
  Pikel (D:8)
  A phantasmal warrior (D:13)
  4 orc knights (Orc:2)
  8 ugly things
  2 deep elf pyromancers
  4 orc sorcerers
  2 cyclopes
  A manticore (D:14)
  21 elephants
  A black mamba (Lair:6)
  9 cane toads
  2 molten gargoyles (Lair:5)
  2 gargoyles
  3 torpor snails
  Psyche (D:12)
  A freezing wraith (D:13)
  3 entropy weaver simulacra (D:14)
  11 komodo dragons
  An unseen horror (D:13)
  21 rime drakes
  2 tengu conjurers
  14 polar bears
  9 hornets
  8 trolls
  3 dream sheep
  14 blink frogs
  A snapping turtle (Lair:4)
  4 slime creatures (D:13)
  10 spriggans (Lair:6)
  34 yaks
  2 spriggan simulacra (D:14)
  5 wyverns
  3 wraiths
  7 humans (D:13)
  A golden eye (Lair:4)
  A steam dragon (D:8)
  4 basilisks
  A minotaur simulacrum (D:14)
  2 wargs
  3 nagas (Lair:4)
  3 acid dragons
  11 water moccasins
  22 orc warriors
  4 ogres
  2 ice beasts (D:7)
  6 black bears
  2 necrophages
  52 wolves
  3 boggarts (Lair:6)
  4 centaurs
  A lemure (D:8)
  2 kobold brigands
  9 bullfrogs
  2 deep troll simulacra (D:14)
  A scorpion (D:5)
  A water moccasin skeleton (D:5)
  5 killer bees (D:9)
  A vampire bat (D:3)
  9 wights
  8 howler monkeys
  2 electric eels
  5 lava snakes (Lair:5)
  3 hounds
  4 centaur zombies
  15 orc priests
  3 jellies
  2 bullfrog skeletons
  2 centaur skeletons
  5 iguanas
  13 orc wizards
  A killer bee zombie (D:6)
  A howler monkey zombie (D:10)
  2 gnolls (D:2)
  12 adders
  A river rat (D:4)
  A shadow imp (D:6)
  3 white imps
  2 ufetubi (D:6)
  4 worms
  3 dart slugs
  52 orcs
  6 ball pythons
  7 endoplasms
  4 giant cockroaches
  8 goblins
  5 hobgoblins
  4 jackals
  3 quokkas
  13 bats
  9 frilled lizards
  22 kobolds
  8 rats
  A butterfly (Lair:2)
642 creatures vanquished.

Vanquished Creatures (collateral kills)
  A kobold brigand (D:3)
  A scorpion (D:3)
  A hound (D:4)
  An iguana (D:5)
  An orc (D:4)
5 creatures vanquished.

Vanquished Creatures (others)
  A human (D:13)
  An orc wizard (Orc:2)
  An orc (Orc:2)
  233 foxfires
  51 fungi
  62 plants
349 creatures vanquished.

Grand Total: 996 creatures vanquished

Notes
Turn   | Place    | Note
-------+----------+-------------------------------------------
     0 | D:1      | tilp the Felid Hedge Wizard began the quest for the Orb.
     0 | D:1      | Reached XP level 1. HP: 7/7 MP: 5/5
    23 | D:1      | Reached skill level 1 in Conjurations
   497 | D:1      | Reached XP level 2. HP: 11/11 MP: 2/7
   577 | D:1      | Learned a level 2 spell: Call Imp
   580 | D:1      | Learned a level 2 spell: Blink
   926 | D:1      | Found a faded altar of an unknown god.
  1453 | D:1      | Reached XP level 3. HP: 14/14 MP: 3/8
  1875 | D:2      | Found an opulent altar of Gozag.
  2138 | D:2      | Found Atouc's Armour Emporium.
  2220 | D:2      | Found Sethrome's Antique Armour Shop.
  2533 | D:2      | Reached XP level 4. HP: 18/18 MP: 4/9
  2580 | D:2      | Learned a level 1 spell: Foxfire
  2603 | D:2      | Found Misteled's Distillery.
  2673 | D:2      | Found Isuagasesm's Assorted Antiques.
  2675 | D:2      | Bought a potion of curing for 39 gold pieces
  2753 | D:2      | Found Ejecisuc's Antique Armour Emporium.
  4087 | D:3      | Noticed a kobold brigand
  4103 | D:3      | Killed a kobold brigand
  4104 | D:3      | Reached skill level 3 in Stealth
  4104 | D:3      | Reached XP level 5. HP: 15/21 MP: 1/10
  4214 | D:2      | Bought a scroll labelled HOVUNO BEMYR for 26 gold pieces
  4328 | D:3      | Reached skill level 1 in Fighting
  4328 | D:3      | Reached skill level 1 in Unarmed Combat
  5056 | D:3      | Reached skill level 4 in Stealth
  5056 | D:3      | Gained mutation: You are covered in thick fur. (AC +2)
                  | [Felid growth]
  5056 | D:3      | Reached XP level 6. HP: 26/26 MP: 1/11
  5694 | D:2      | Bought a scroll labelled CUTIFFISONK for 26 gold pieces
  6042 | D:4      | Found a glowing drain.
  6100 | Sewer    | Entered a sewer
  6185 | Sewer    | Noticed Purgy
  6277 | Sewer    | Gained mutation: Your mind is acute. (Int +2) [potion of
                  | mutation]
  6277 | Sewer    | Gained mutation: Your mind is very acute. (Int +4) [potion
                  | of mutation]
  6490 | D:4      | Reached skill level 1 in Fire Magic
  6490 | D:4      | Reached skill level 1 in Evocations
  6490 | D:4      | Reached XP level 7. HP: 30/30 MP: 6/12
  6547 | D:4      | You fall into a shaft and drop 2 floors!
  7057 | D:6      | Found a runed translucent door.
  7058 | D:6      | Noticed Crazy Yiuf
  7177 | D:5      | Entered Level 5 of the Dungeon
  7248 | D:4      | Found Cooran's Jewellery Shop.
  7705 | D:2      | Bought a sedimented dark potion for 23 gold pieces
  7705 | D:2      | Bought a cyan potion for 23 gold pieces
  7705 | D:2      | Bought a cyan potion for 23 gold pieces
  7843 | D:5      | Learned a level 3 spell: Conjure Flame
  7847 | D:5      | Learned a level 3 spell: Stone Arrow
  8062 | D:5      | Reached skill level 1 in Earth Magic
  8077 | D:5      | Reached XP level 8. HP: 33/33 MP: 10/14
  8169 | D:5      | Reached skill level 5 in Conjurations
  8749 | D:5      | Found a shimmering blue altar of Sif Muna.
  8871 | D:6      | Found Onamam's General Store.
  9744 | D:6      | Found a sparkling altar of Nemelex Xobeh.
  9744 | D:6      | Found a basalt altar of Yredelemnul.
  9750 | D:6      | Found a glowing golden altar of the Shining One.
  9752 | D:6      | Found a glowing silver altar of Zin.
  9754 | D:6      | Found a faded altar of an unknown god.
  9970 | D:7      | Found an ornate altar of the Wu Jian Council.
 10572 | D:7      | Reached XP level 9. HP: 36/36 MP: 10/16
 10671 | D:7      | Found a staircase to the Ecumenical Temple.
 10851 | Temple   | Entered the Ecumenical Temple
 10917 | Temple   | Became a worshipper of Vehumet
 11120 | D:7      | Identified a scroll of acquirement
 11120 | D:7      | Acquired the ring "Cithrarriz" {rElec rC- MP+9 Int+7}
 11999 | D:8      | Reached skill level 5 in Dodging
 11999 | D:8      | Reached skill level 5 in Stealth
 12219 | D:8      | Noticed Pikel
 12349 | D:8      | Killed Pikel
 12350 | D:8      | Reached XP level 10. HP: 42/42 MP: 8/17
 12673 | D:8      | Reached skill level 6 in Stealth
 13176 | D:9      | Found a hazy altar of Hepliaklqana.
 13177 | D:9      | Found an opulent altar of Gozag.
 13180 | D:9      | Found a white marble altar of Elyvilon.
 13181 | D:9      | Found a hide-covered altar of Uskayaw.
 13250 | D:9      | Reached * piety under Vehumet
 13250 | D:9      | Offered knowledge of Shock by Vehumet.
 13355 | D:9      | Noticed Harold
 13611 | D:9      | Reached skill level 7 in Stealth
 13687 | D:9      | Noticed Maggie
 13853 | D:9      | Noticed a two-headed ogre
 13857 | D:9      | Killed a two-headed ogre
 13858 | D:9      | Reached skill level 8 in Stealth
 14364 | D:9      | Upgraded the game from 0.28-a0-206-gc2c9e32840 to
                  | 0.28-a0-224-g76b539d98b
 14423 | D:10     | Entered Level 10 of the Dungeon
 14425 | D:10     | Reached skill level 5 in Earth Magic
 14443 | D:10     | Noticed a two-headed ogre
 15250 | D:10     | Offered knowledge of Searing Ray by Vehumet.
 15255 | D:10     | Reached ** piety under Vehumet
 15673 | D:10     | Reached XP level 11. HP: 46/46 MP: 13/18
 15844 | D:10     | Killed a two-headed ogre
 15845 | D:10     | Reached skill level 10 in Conjurations
 16505 | D:11     | Found a staircase to the Lair.
 16558 | D:11     | Noticed a wizard
 16560 | D:11     | Noticed a wizard
 16617 | D:11     | Noticed a boulder beetle
 16638 | D:10     | Killed a boulder beetle
 16840 | D:11     | Noticed a deep elf pyromancer
 16849 | D:11     | Killed a deep elf pyromancer
 16899 | D:11     | Killed a wizard
 17011 | D:11     | Noticed a boulder beetle
 17020 | D:11     | HP: 2/46 [boulder beetle (44)]
 17028 | D:11     | Killed a boulder beetle
 17104 | D:11     | Killed a wizard
 17105 | D:11     | Reached skill level 9 in Stealth
 17105 | D:11     | Reached skill level 5 in Evocations
 17120 | D:11     | Got the Compendium of Plaster Cramp
 17130 | D:11     | Noticed a wizard
 17139 | D:11     | Killed a wizard
 17140 | D:11     | Reached skill level 5 in Fighting
 17140 | D:11     | Reached skill level 5 in Unarmed Combat
 17299 | D:11     | Got the Incunabulum of Combed Thunderclap
 17306 | D:11     | Got Ts'ui Pên's Catalogue of Forking Paths
 17622 | D:11     | Noticed a boulder beetle
 18119 | Lair:1   | Entered Level 1 of the Lair of Beasts
 18122 | Lair:1   | Identified the +5 short sword "Sinuc" {vorpal, rC+ Int+4}
 18224 | Lair:1   | Noticed Nov Bun's ghost (journeyman MiFi)
 18241 | Lair:1   | Found a runed translucent gate.
 18241 | Lair:1   | Found a runed translucent gate.
 18241 | Lair:1   | Found a runed translucent gate.
 18700 | Lair:1   | Identified the +5 scale mail "Yhutehiw" {*Slow rCorr Str+5}
 18790 | Lair:1   | Noticed a five-headed hydra
 18794 | Lair:1   | Killed a five-headed hydra
 18806 | Lair:1   | Noticed a six-headed hydra
 19002 | Lair:1   | Found a transporter.
 19100 | Lair:1   | Offered knowledge of Ignite Poison by Vehumet.
 19244 | Lair:1   | Reached skill level 10 in Stealth
 19544 | Lair:1   | Found a transporter.
 19875 | Lair:1   | Gained mutation: Your thick and shaggy fur keeps you warm.
                  | (AC +3, rC+) [Felid growth]
 19875 | Lair:1   | Reached XP level 12. HP: 52/52 MP: 19/19
 19969 | Lair:1   | Learned a level 3 spell: Mephitic Cloud
 19973 | Lair:1   | Learned a level 3 spell: Ignite Poison
 20093 | Lair:1   | Killed a six-headed hydra
 20231 | Lair:2   | Found a runed translucent gate.
 20231 | Lair:2   | Found a runed translucent gate.
 20231 | Lair:2   | Found a runed translucent gate.
 20804 | Lair:2   | Reached *** piety under Vehumet
 21561 | Lair:2   | Noticed an eight-headed hydra
 21566 | Lair:2   | Killed an eight-headed hydra
 21567 | Lair:2   | Reached skill level 11 in Stealth
 21666 | Lair:2   | Noticed Jatofuta's ghost (journeyman MfGl)
 21667 | Lair:2   | Noticed Siem's ghost (journeyman OpCj)
 21896 | Lair:3   | Noticed a six-headed hydra
 21903 | Lair:3   | Killed a six-headed hydra
 22023 | Lair:3   | Offered knowledge of Hailstorm by Vehumet.
 23018 | Lair:4   | Found a staircase to the Snake Pit.
 23037 | Lair:4   | Reached skill level 10 in Dodging
 23151 | Lair:4   | Noticed Nergalle
 23160 | Lair:4   | Killed Nergalle
 23450 | Lair:4   | Noticed Sonja
 23452 | Lair:4   | Noticed Sonja
 23452 | Lair:4   | Sonja changed into Sonja the golden eye
 23454 | Lair:4   | Killed Sonja the golden eye
 23701 | Lair:4   | Found a staircase to the Shoals.
 23780 | Lair:4   | Reached skill level 12 in Stealth
 23780 | Lair:4   | Reached XP level 13. HP: 58/58 MP: 16/20
 23954 | Lair:4   | Reached **** piety under Vehumet
 25252 | Lair:5   | Reached skill level 1 in Air Magic
 25252 | Lair:5   | Offered knowledge of Lightning Bolt by Vehumet.
 25448 | Lair:5   | Reached skill level 1 in Poison Magic
 25586 | Lair:5   | Learned a level 4 spell: Olgreb's Toxic Radiance
 25734 | Lair:5   | Found a staircase to the Slime Pits.
 25734 | Lair:5   | Found a viscous altar of Jiyva.
 26198 | Lair:5   | Reached skill level 5 in Spellcasting
 26735 | Lair:5   | Reached ***** piety under Vehumet
 26735 | Lair:5   | Offered knowledge of Iskenderun's Battlesphere by Vehumet.
 27408 | Lair:6   | Entered Level 6 of the Lair of Beasts
 27434 | Lair:6   | Reached skill level 1 in Transmutations
 28263 | Lair:6   | Noticed Urug
 28271 | Lair:6   | Killed Urug
 28930 | Lair:6   | Reached XP level 14. HP: 63/63 MP: 14/24
 28931 | Lair:6   | Reached skill level 5 in Poison Magic
 30427 | Lair:6   | HP: 2/63 [spriggan rider (20)]
 31033 | Lair:6   | Identified the +1 scale mail "Yvoamp" {rElec Regen+ Str-3
                  | SInv}
 31473 | D:12     | Found a staircase to the Orcish Mines.
 31656 | D:12     | Found a bloodstained altar of Trog.
 31656 | D:12     | Noticed p0werm0de's ghost (journeyman DjCK)
 31657 | D:12     | Noticed a stone giant
 31663 | D:12     | Found a transporter.
 31668 | D:12     | Found a transporter.
 31918 | D:12     | Noticed Psyche
 31920 | D:12     | Killed Psyche
 32049 | D:12     | Found Kiv Buyj's Magic Scroll Boutique.
 32052 | D:12     | Bought a scroll of acquirement for 624 gold pieces
 32052 | D:12     | Acquired 1045 gold pieces
 32199 | D:12     | Found a runed translucent door.
 32200 | D:12     | Found a runed translucent door.
 32442 | D:12     | Found a runed translucent door.
 32693 | Orc:1    | Entered Level 1 of the Orcish Mines
 32962 | Orc:2    | Entered Level 2 of the Orcish Mines
 33082 | Orc:2    | Found a staircase to the Elven Halls.
 33324 | Orc:1    | Found Huepp's Armour Emporium.
 33408 | Orc:2    | Found a shimmering altar of Xom.
 33619 | Orc:2    | Offered knowledge of Fireball by Vehumet.
 33823 | Orc:1    | Paralysed by an orc sorcerer for 4 turns
 34748 | Orc:2    | Found Rosulu Wirch's Magic Scroll Emporium.
 34748 | Orc:2    | Found Osixiacw's Magic Scroll Shop.
 34751 | Orc:2    | Found Luazar's Jewellery Shop.
 34751 | Orc:2    | Found Xewoy's Antique Weapon Emporium.
 34768 | Orc:2    | Bought a scroll of amnesia for 35 gold pieces
 34768 | Orc:2    | Bought a scroll of fear for 35 gold pieces
 34890 | D:13     | Learned a level 5 spell: Fireball
 35532 | D:13     | Reached XP level 15. HP: 67/67 MP: 28/28
 35533 | D:13     | Reached skill level 13 in Stealth
 35583 | D:13     | Identified the +1 glaive "Boesmamu" {drain, *Corrode +Blink
                  | +Rage Dex-5}
 35728 | D:13     | Identified the +3 plate armour "Voph" {rF+ rC+ Dex+4}
 35732 | D:13     | Found a gate to the Vaults.
 37146 | D:14     | Noticed Louise
 37211 | D:14     | You fall into a shaft and drop 1 floor!
 37211 | D:15     | Entered Level 15 of the Dungeon
 37274 | D:14     | Killed Louise
 37332 | D:14     | Found a frozen archway.
 37341 | D:14     | Mangled by a spriggan defender simulacrum
 37342 | D:14     | Reached XP level 14. HP: -11/64 MP: 1/36
 37399 | D:14     | Offered knowledge of Starburst by Vehumet.
 37529 | IceCv    | Entered an ice cave
 37997 | IceCv    | Killed from afar by a rime drake
 37998 | IceCv    | Reached XP level 13. HP: -5/60 MP: 5/26
 38543 | IceCv    | Noticed a white draconian
 39698 | IceCv    | Reached skill level 10 in Evocations
 39859 | IceCv    | Reached skill level 14 in Stealth
 40126 | IceCv    | Mangled by a white draconian

Illustrated notes

Levels and vault maps discovered:
D:1:      scummos_arrival_checkerplants, layout_basic,
          ebering_ecumenical_altar_abandoned
D:2:      layout_basic, basic_altar, serial_shops, shop, nicolae_shop_crystal,
          nicolae_square_shop, nicolae_square_shop, shop
D:3:      layout_loops_ring, serial_rivers, chequers_serial_rivers_small_a,
          chequers_serial_rivers_micro_e, chequers_serial_rivers_micro_b,
          chequers_serial_rivers_micro_a, chequers_serial_rivers_large_a,
          chequers_serial_rivers_small_b, roderic_batcave, corner_web_ring,
          kennysheep_generic_room_6
D:4:      layout_basic, lightli_sewer_entry_pipes, serial_shops, shop_statue
D:5:      layout_basic, led_sif_pool, minivault_27
D:6:      layout_gridville, chequers_temple_overflow_minitemple, serial_shops,
          nicolae_take_the_stairs, uniq_crazy_yiuf_cottage
D:7:      layout_cave_pools, lemuel_doored_altar,
          minmay_temple_entry_statues_pillars
D:8:      layout_cave_pools, minmay_lizard_king, uniq_pikel
D:9:      layout_roguey, mainiacjoe_overflow_alcove_3, uniq_maggie, uniq_harold
D:10:     minmay_recursive_quarters, layout_loops_cross
D:11:     layout_gridville, lair_entry_dummy, bh_hangedman_babel_library
D:12:     layout_basic, david_orc_3, serial_shops, kennysheep_mini_moat,
          gammafunk_ghost_wrathful_warriors, minmay_misc_feat_x,
          mikee_hates_you, uniq_psyche
D:13:     layout_layer_cave, ximxim_vaults_locker_room
D:14:     layout_roguey, portal_ice_cave_entry_ice_simulacra, serial_shops,
          kennysheep_little_box, kennysheep_big_empty_room,
          minmay_checkered_concentric_circles, uniq_louise
D:15:     grunt_enter_depths_snipers, layout_stronghold, evilmike_ruin_ashenzari
Temple:   nicolae_temple_x_marks_the_god
Lair:1:   gammafunk_worm_tunnel, layout_loops_ring, ebering_ghost_rock_garden,
          minivault_24, serial_bayou_shore_a
Lair:2:   layout_chaotic_city, gammafunk_ghost_cemetery, lemuel_fruit_fields
Lair:3:   layout_misc_corridors, chequers_serial_rivers_large_b,
          grunt_megastairs_4
Lair:4:   nzn_winding_woodlands_small
          [nzn_winding_woodlands_5x15_river_crossing,
          nzn_winding_woodlands_center_triple_pond,
          nzn_winding_woodlands_5x15_lazy_stream], layout_gridlike,
          minmay_shoals_entry_hut, guppyfry_snake_entry_garden, uniq_nergalle,
          uniq_sonja
Lair:5:   cheibrodos_magma_flow, layout_cave_pods, slime_altar_1
Lair:6:   minmay_lair_end_enchanted_forest, layout_regular_city,
          chequers_serial_rivers_micro_e, uniq_urug
Orc:1:    layout_diamond_mine, serial_shops, shop_fountains
Orc:2:    grunt_orc_tribal_feast, layout_diamond_mine, basic_altar
IceCv:    ice_cave_caverns_03

Skill      XL: |  1  2  3  4  5  6  7  8  9 10 11 12 13 14 15 |
---------------+----------------------------------------------+-----
Conjurations   | 1 2 3 4 6 8 9 10 11 12 | 12.0
Dodging        | 3 4 5 6 8 10 12 11 | 12.0
Stealth        | 3 4 5 8 10 12 14 13 | 14.0
Fighting       | 1 2 3 4 5 7 8 9 |  9.7
Unarmed Combat | 1 2 3 4 5 7 8 9 |  9.8
Translocations | 2 4 |  4.0
Fire Magic     | 1 2 3 4 |  4.0
Evocations     | 1 3 4 6 8 10 9 | 10.0
Summonings     | 2 |  2.0
Earth Magic    | 1 3 4 6 |  6.0
Spellcasting   | 4 6 8 |  8.0
Air Magic      | 2 |  2.0
Poison Magic   | 4 6 |  6.0
Transmutations | 3 4 |  4.0

Action                   |  1- 3 |  4- 6 |  7- 9 | 10-12 | 13-15 || total
-------------------------+-------+-------+-------+-------+-------++-------
Melee: Unarmed           |     7 |     2 |    16 |    22 |    26 ||    73
       Bite              |       |       |     3 |     2 |     3 ||     8
       Punch             |       |       |     1 |       |     2 ||     3
 Cast: Magic Dart        |   124 |   155 |   128 |    86 |    12 ||   505
       Call Imp          |     3 |     7 |     3 |       |       ||    13
       Foxfire           |       |    16 |    72 |    44 |     1 ||   133
       Blink             |       |     3 |     6 |     3 |    20 ||    32
       Stone Arrow       |       |       |    65 |   327 |   443 ||   835
       Conjure Flame     |       |       |     2 |     8 |    17 ||    27
       Mephitic Cloud    |       |       |       |    11 |     1 ||    12
       Ignite Poison     |       |       |       |     7 |   104 ||   111
       Olgreb's Toxic Ra |       |       |       |       |    96 ||    96
       Fireball          |       |       |       |       |    11 ||    11
Evoke: Wand              |       |     2 |     1 |    20 |    12 ||    35
  Use: Scroll            |     3 |     9 |     7 |     7 |     4 ||    30
       Potion            |       |     2 |       |     2 |     2 ||     6
 Stab: Sleeping          |       |       |       |     2 |     1 ||     3
Armor: Skin              |     2 |     2 |     7 |     5 |    17 ||    33
Dodge: Dodged            |    15 |    45 |    72 |   116 |   205 ||   453

Table legend: (Time is in decaauts)
 A = Elapsed time spent in this place.
 B = Non-inter-level travel time spent in this place.
 C = Inter-level travel time spent in this place.
 D = Time resting spent in this place.
 E = Time spent auto-exploring this place.
 F = Levels seen in this place.
 G = Mean time per level.
                   A        B        C        D        E       F      G
               +--------+--------+--------+--------+--------+-----+--------+
         Total |  36701 |  34733 |   1968 |  13931 |  15649 |  26 | 1411.6 |
       Dungeon |  19957 |  18691 |   1266 |   6626 |   9090 |  15 | 1330.5 |
        Temple |     60 |     45 |     15 |      0 |     43 |   1 |   60.0 |
          Lair |  12003 |  11494 |    509 |   4764 |   5291 |   6 | 2000.5 |
  Orcish Mines |   1993 |   1816 |    177 |    790 |    732 |   2 |  996.5 |
         Sewer |    198 |    198 |      0 |      7 |    114 |   1 |  198.0 |
      Ice Cave |   2487 |   2487 |      0 |   1742 |    377 |   1 | 2487.0 |
               +--------+--------+--------+--------+--------+-----+--------+

Top non-repeatable levels by time:
  Lair:6: 3096 daAuts
   IceCv: 2487 daAuts
  Lair:5: 2379 daAuts
  Lair:4: 2149 daAuts
  Lair:1: 1937 daAuts
    D:13: 1932 daAuts
     D:1: 1913 daAuts
     D:2: 1893 daAuts
     D:6: 1571 daAuts
     D:9: 1562 daAuts
     D:8: 1527 daAuts
     D:3: 1506 daAuts
   Orc:2: 1502 daAuts
    D:10: 1498 daAuts
    D:11: 1491 daAuts
